Map: [ESL] Waterfall

Players

Solar

  • Race: Zerg Zerg
  • Spawn Location: 1:00

Aristori - Winner!

  • Race: Zerg Zerg
  • Spawn Location: 7:00

Event: DreamHack SC2 Masters 2022 Valencia

VOD

Have the link to the VOD?

Description

Time

  • Played on: July 1, 2022, 9:54 a.m.
  • Length: 3:53

All games in this series

Show
View Real Time Build Order
Export as new Build Order

Solar Zerg 

Build Orders: Pool First 

Get SALT Encoding   

  12  0:17  Spawning Pool  
  11  0:22  Drone  
  11  0:26  Drone  
  13  0:30  Drone  
  14  0:39  Overlord  
  14  1:04  Zergling x4  
  16  1:05  Zergling x2  
  17  1:16  Zergling x2  
  18  1:18  Hatchery  
  17  1:27  Zergling x2  
  18  1:34  Queen  
  18  1:38  Zergling x2  
  21  1:48  Overlord  
  21  1:59  Drone  
  22  2:10  Queen, Drone  
  22  2:13  Extractor  
  24  2:21  Drone  
  25  2:29  Queen  
  25  2:30  Drone  
  25  2:32  Drone  
  29  2:43  Drone x3  
  32  2:50  Overlord  
  32  2:53  Drone  
  32  2:58  Drone  
  34  3:03  Drone  
  34  3:05  Drone  
  36  3:14  Drone  
  37  3:20  Drone  
  37  3:23  Drone x2  
  37  3:26  Overlord  
  39  3:30  Drone  
  39  3:32  Drone  
  41  3:36  Evolution Chamber  
  41  3:39  Evolution Chamber  
Show
View Real Time Build Order
Export as new Build Order

Aristori Zerg - Winner!

Build Orders: Pool First 

Get SALT Encoding   

  12  0:18  Spawning Pool  
  12  0:21  Drone  
  12  0:26  Drone  
  13  0:30  Drone  
  14  0:39  Overlord  
  14  1:04  Extractor  
  14  1:05  Zergling x2  
  14  1:06  Zergling x4  
  16  1:17  Zergling x2  
  17  1:21  Hatchery  
  16  1:28  Zergling x2  
  17  1:39  Zergling x2  
  18  1:52  Zergling x2  
  18  1:53  Queen  
  21  2:04  Overlord  
  21  2:13  Metabolic Boost  
  21  2:24  Zergling x4  
  23  2:33  Zergling x2  
  24  2:41  Zergling x2  
  25  2:49  Zergling x4  
  27  2:56  Zergling x4  
  29  3:07  Zergling x8  
  33  3:20  Overlord  
  33  3:23  Zergling x4  
  35  3:35  Zergling x2  

Tags
 
Add a new tag
Caveats
  • Supply blocks, unpowered buildings, or Contaminate may cause inaccurate times.
  • Supply counts are checked every 10 seconds.